 Dungeon Crawl Stone Soup version 0.31-a0-152-g6aa68a64a1 (webtiles) character file.

Game seed: 14593138582088590243

9061 qw the Skirmisher (level 11, 0/106 HPs)
             Began as a Naga Hunter on June 10, 2023.
             Was an Initiate of Okawaru.
             Slain by a wyvern (12 damage)
             ... on level 10 of the Dungeon.
             The game lasted 00:04:32 (8709 turns).

qw the Skirmisher (Naga Hunter)                     Turns: 8709, Time: 00:04:32

Health: 0/106      AC: 14    Str: 12    XL:     11   Next: 40%
Magic:  11/11      EV: 13    Int: 10    God:    Okawaru [......]
Gold:   377        SH:  5    Dex: 22    Spells: 10/10 levels left

rFire   + . .        e - +2 arbalest
rCold   + . .        (shield currently unavailable)
rNeg    . . .        l - +2 robe {rC+ rF+}
rPois   +            j - +1 helmet
rElec   .            b - +2 cloak
rCorr   +            c - +1 pair of gloves
SInv    +            (no barding)
Will    +....        d - amulet of reflection
Stlth   ++           f - ring of resist corrosion
HPRegen 0.37/turn    (no ring)
MPRegen 0.12/turn

%: reflection
@: short of breath, very slow
A: AC +3, large, see invisible, deformed body, poison resistance, slowness 2,
spit poison 1, naga tail 1, agile 1, deterioration 1
a: Spit Poison, Renounce Religion


You were on level 10 of the Dungeon.
You worshipped Okawaru.
Okawaru was noncommittal.
You visited 2 branches of the dungeon, and saw 13 of its levels.

You collected 598 gold pieces.
You spent 221 gold pieces at shops.


Innate Abilities, Weirdness & Mutations

Your serpentine skin is tough. (AC +3)
You have supernaturally acute eyesight. (SInv)
Armour fits poorly on your strangely shaped body.
Your system is resistant to poisons. (rPois)
You cover ground very slowly.
You can spit poison.
You have a snake-like lower body.
You are agile. (Dex +4, Str/Int -1)
Your body sometimes deteriorates upon taking damage.


   Skills:
 - Level 9.0 Fighting
 - Level 13.0 Ranged Weapons
 - Level 2.0 Armour
 + Level 5.3 Dodging
 - Level 1.5 Stealth


You had 10 spell levels left.
You didn't know any spells.
Your spell library was empty.

Inventory:

Hand Weapons
 e - a +2 arbalest (weapon)
Armour
 b - a +2 cloak (worn)
 c - a +1 pair of gloves (worn)
 j - a +1 helmet (worn)
 l - a +2 robe of resistance (worn)
 o - a +0 troll leather armour
Jewellery
 d - an amulet of reflection (around neck)
 f - a ring of resist corrosion (left hand)
 h - a ring of resist corrosion
Scrolls
 k - 2 scrolls of identify
Potions
 i - 4 potions of haste
 m - 5 potions of curing
 n - a potion of mutation

Dungeon Overview and Level Annotations

Branches:
Dungeon (12/15)            Temple (1/1) D:5            Lair (0/5) D:10
    Orc (0/2) D:12

Altars:
Ashenzari
Cheibriados
Dithmenos
Elyvilon
Fedhas
Gozag
Hepliaklqana
Kikubaaqudgha
Makhleb
Nemelex Xobeh
Okawaru
Qazlal
Ru
Sif Muna
Trog
Uskayaw
Vehumet
Wu Jian
Xom
Yredelemnul
Zin
The Shining One

Shops:
D:6 *

Annotations:
D:2 1 runed translucent door, Crazy Yiuf
D:3 3 runed translucent doors, qw's ghost, amateur GrHu
D:4 2 runed translucent doors, qw's ghost, amateur MiHu


Message History

You shoot a bolt. The bolt hits the yak!
You kill the yak!
Okawaru accepts your kill. The wyvern barely misses you. The yak gores you!
The yak gores you but does no damage. The wyvern misses you.
You shoot a bolt.
The bolt hits the yak but does no damage.
You have got your breath back.
The wyvern bites you!
The yak gores you. x2; The yak gores you!
You block the wyvern's attack. The yak misses you. The yak gores you.
8705 ||| INVOKING Spit Poison.
Aiming: Spit Poison (1% risk of failure)
Press: ? - help, Shift-Dir - straight line, f - yak, p - yak The splash of poison hits the yak but does no damage.
The yak is poisoned.
You block the wyvern's attack. The yak barely misses you.
The yak gores you but does no damage. The yak barely misses you.
You shoot a bolt. The bolt hits the yak.
The yak is lightly wounded.
You block the wyvern's attack. The wyvern misses you. The yak gores you.
The yak closely misses you. The yak gores you but does no damage.
You shoot a bolt. The bolt hits the yak!
The yak is moderately wounded.
The wyvern completely misses you. The wyvern bites you. The yak gores you!
The yak closely misses you.
You shoot a bolt. The bolt hits the two-headed ogre!!
The two-headed ogre is moderately wounded.
You have got your breath back.
The wyvern barely misses you. The yak barely misses you.
You block the yak's attack. The wyvern bites you.
8709 ||| INVOKING Spit Poison.
Aiming: Spit Poison (1% risk of failure)
Press: ? - help, Shift-Dir - straight line, f/p - two-headed ogre The splash of poison hits the two-headed ogre.
The two-headed ogre is poisoned.
The two-headed ogre is heavily wounded.
The wyvern closely misses you. The yak gores you!
You block the two-headed ogre's attack. The two-headed ogre barely misses you.
The yak barely misses you. The wyvern bites you!
You die...

......#.#######
......#.# #.# ......#.#
#.# ......#.# #.# #
#####'#.# #.#####.#
......%.########........
................YYY.....
...............lYOY.....
...............Y@#
./...............#
#######..#####...#
#..#...#...#
#..'...#...#
#..#...'...#
#..#...#...#
#######..#...#...#####
.........#...#........


You could see a two-headed ogre (poisoned), 6 yaks and a wyvern.

Vanquished Creatures
  A two-headed ogre (D:9)
  An ugly thing (D:8)
  A manticore (D:12)
  Psyche (D:8)
  An unseen horror (D:8)
  A troll (D:12)
  Sigmund (D:2)
  A wraith (D:11)
  Menkaure (D:5)
  11 yaks
  Grum (D:9)
  2 steam dragons
  2 wargs (D:10)
  2 acid dragons
  A water moccasin (D:9)
  An ice beast (D:5)
  Duvessa (D:7)
  2 black bears
  4 orc warriors
  2 sky beasts
  A wolf (shapeshifter) (D:8)
  A centaur (D:9)
  2 wolves (D:9)
  3 phantoms (D:5)
  A kobold brigand (D:6)
  3 bullfrogs
  A scorpion (D:6)
  10 wights
  Dowan (D:7)
  6 killer bees (D:8)
  7 howler monkeys
  A gnoll bouda (D:8)
  5 hounds
  7 orc priests
  2 jellies (D:6)
  Natasha (thrice) (D:3)
  A sleepcap (D:4)
  10 orc wizards
  9 gnolls
  11 adders
  3 shadow imps
  2 white imps
  A worm (D:3)
  4 dart slugs
  41 orcs
  9 endoplasms
  2 giant cockroaches
  8 hobgoblins
  6 jackals
  8 kobolds
  7 quokkas
  10 ball pythons
  9 bats
  4 frilled lizards
  7 goblins
  5 rats
249 creatures vanquished.

Vanquished Creatures (others)
  A butterfly (D:5)
1 creature vanquished.

Grand Total: 250 creatures vanquished

Notes
Turn   | Place    | Note
-------+----------+-------------------------------------------
     0 | D:1      | qw the Naga Hunter began the quest for the Orb.
     0 | D:1      | Reached XP level 1. HP: 19/19 MP: 1/1
     0 | D:1      | 0 ||| qw: Version: 0.2-a-122-gbc61b45
     0 | D:1      | 0 ||| qw: Game counter: 3618
     0 | D:1      | 0 ||| qw: Always use a shield: true
     0 | D:1      | 0 ||| qw: God list: Okawaru
     0 | D:1      | 0 ||| qw: Allow faded altars: false
     0 | D:1      | 0 ||| qw: Do Orc after D:15 true
     0 | D:1      | 0 ||| qw: Do second Lair branch before Depths: true
     0 | D:1      | 0 ||| qw: Lair rune preference: random
     0 | D:1      | 0 ||| qw: Plans: Normal
     0 | D:1      | 0 ||| PLANNING D:1-11
    34 | D:1      | 34 ||| INVOKING Spit Poison.
    40 | D:1      | 40 ||| INVOKING Spit Poison.
    41 | D:1      | 41 ||| INVOKING Spit Poison.
    77 | D:1      | 77 ||| FLEEEEING.
   116 | D:1      | 116 ||| INVOKING Spit Poison.
   119 | D:1      | 119 ||| INVOKING Spit Poison.
   128 | D:1      | 128 ||| INVOKING Spit Poison.
   168 | D:1      | 168 ||| INVOKING Spit Poison.
   170 | D:1      | Reached skill level 4 in Ranged Weapons
   170 | D:1      | Reached XP level 2. HP: 26/26 MP: 2/2
   232 | D:1      | 232 ||| INVOKING Spit Poison.
   302 | D:1      | 302 ||| INVOKING Spit Poison.
   342 | D:1      | 342 ||| INVOKING Spit Poison.
   362 | D:1      | 362 ||| INVOKING Spit Poison.
   432 | D:1      | 432 ||| INVOKING Spit Poison.
   473 | D:1      | 473 ||| INVOKING Spit Poison.
   474 | D:1      | 474 ||| INVOKING Spit Poison.
   480 | D:1      | 480 ||| INVOKING Spit Poison.
   673 | D:1      | 673 ||| INVOKING Spit Poison.
   679 | D:1      | 679 ||| INVOKING Spit Poison.
   682 | D:1      | Reached XP level 3. HP: 32/32 MP: 3/3
   744 | D:1      | 744 ||| INVOKING Spit Poison.
   808 | D:1      | 808 ||| INVOKING Spit Poison.
   818 | D:1      | 818 ||| UPGRADING to ring of resist corrosion.
   819 | D:1      | 819 ||| DROPPING ring of wizardry.
   820 | D:1      | 820 ||| READING 2 scrolls labelled IDWARE SOEC.
   825 | D:1      | 825 ||| READING scroll labelled SAOQAS XEAV.
   826 | D:1      | 826 ||| DRINKING 2 purple potions.
   827 | D:1      | 827 ||| DRINKING 2 sedimented red potions.
   828 | D:1      | 828 ||| DROPPING scroll of butterflies.
   829 | D:1      | 829 ||| DROPPING potion of brilliance.
   882 | D:2      | 882 ||| INVOKING Spit Poison.
   908 | D:2      | 908 ||| INVOKING Spit Poison.
   920 | D:2      | 920 ||| INVOKING Spit Poison.
   924 | D:2      | 924 ||| INVOKING Spit Poison.
   933 | D:2      | 933 ||| INVOKING Spit Poison.
   973 | D:2      | 973 ||| INVOKING Spit Poison.
   988 | D:2      | Found a runed translucent door.
   989 | D:2      | Noticed Crazy Yiuf
  1034 | D:2      | Noticed Sigmund
  1037 | D:2      | 1037 ||| INVOKING Spit Poison.
  1048 | D:2      | 1048 ||| INVOKING Spit Poison.
  1050 | D:2      | Killed Sigmund
  1051 | D:2      | Reached skill level 6 in Ranged Weapons
  1051 | D:2      | Reached XP level 4. HP: 20/39 MP: 4/4
  1051 | D:2      | Reached XP level 5. HP: 23/45 MP: 5/5
  1051 | D:2      | 1051 ||| INVOKING Spit Poison.
  1175 | D:2      | 1175 ||| INVOKING Spit Poison.
  1192 | D:2      | 1192 ||| INVOKING Spit Poison.
  1196 | D:2      | 1196 ||| INVOKING Spit Poison.
  1198 | D:2      | Reached XP level 6. HP: 49/52 MP: 6/6
  1202 | D:2      | 1202 ||| INVOKING Spit Poison.
  1207 | D:2      | 1207 ||| INVOKING Spit Poison.
  1322 | D:2      | 1322 ||| INVOKING Spit Poison.
  1388 | D:2      | 1388 ||| INVOKING Spit Poison.
  1394 | D:2      | 1394 ||| INVOKING Spit Poison.
  1485 | D:2      | 1485 ||| INVOKING Spit Poison.
  1489 | D:2      | 1489 ||| INVOKING Spit Poison.
  1620 | D:2      | 1620 ||| UPGRADING to +0 cloak.
  1625 | D:2      | 1625 ||| READING scroll labelled QOXOEV XONISI.
  1626 | D:2      | 1626 ||| READING scroll labelled HAENTENAGH.
  1627 | D:2      | 1627 ||| READING scroll labelled ZECOUZOJEAL.
  1628 | D:2      | 1628 ||| READING scroll labelled LOUL OFACW.
  1629 | D:2      | 1629 ||| READING scroll labelled KIATHIB QOYSE.
  1630 | D:2      | 1630 ||| READING scroll labelled KIKAGH UTHO.
  1691 | D:3      | 1691 ||| INVOKING Spit Poison.
  1694 | D:3      | 1694 ||| INVOKING Spit Poison.
  1701 | D:3      | 1701 ||| INVOKING Spit Poison.
  1750 | D:3      | 1750 ||| INVOKING Spit Poison.
  1763 | D:3      | 1763 ||| INVOKING Spit Poison.
  1766 | D:3      | 1766 ||| INVOKING Spit Poison.
  1771 | D:3      | 1771 ||| INVOKING Spit Poison.
  1772 | D:3      | Reached skill level 3 in Fighting
  1816 | D:3      | 1816 ||| INVOKING Spit Poison.
  1820 | D:3      | 1820 ||| INVOKING Spit Poison.
  1857 | D:3      | 1857 ||| INVOKING Spit Poison.
  1876 | D:3      | 1876 ||| INVOKING Spit Poison.
  1898 | D:3      | 1898 ||| INVOKING Spit Poison.
  1903 | D:3      | 1903 ||| INVOKING Spit Poison.
  1937 | D:3      | 1937 ||| INVOKING Spit Poison.
  1944 | D:3      | 1944 ||| INVOKING Spit Poison.
  1987 | D:3      | 1987 ||| INVOKING Spit Poison.
  1992 | D:3      | 1992 ||| Stepping ~*~*~tactically~*~*~ (outnumbered).
  1994 | D:3      | 1994 ||| Stepping ~*~*~tactically~*~*~ (outnumbered).
  1995 | D:3      | 1995 ||| INVOKING Spit Poison.
  1996 | D:3      | 1996 ||| INVOKING Spit Poison.
  2000 | D:3      | 2000 ||| INVOKING Spit Poison.
  2004 | D:3      | 2004 ||| INVOKING Spit Poison.
  2057 | D:3      | Identified the +0 ring mail of Gahum {rElec Str+3}
  2121 | D:3      | Found a faded altar of an unknown god.
  2155 | D:3      | Noticed Natasha
  2156 | D:3      | 2156 ||| INVOKING Spit Poison.
  2163 | D:3      | 2163 ||| INVOKING Spit Poison.
  2164 | D:3      | Killed Natasha
  2243 | D:3      | 2243 ||| INVOKING Spit Poison.
  2327 | D:3      | Noticed Natasha
  2329 | D:3      | 2329 ||| INVOKING Spit Poison.
  2329 | D:3      | Killed Natasha
  2352 | D:3      | 2352 ||| INVOKING Spit Poison.
  2356 | D:3      | 2356 ||| INVOKING Spit Poison.
  2398 | D:3      | 2398 ||| INVOKING Spit Poison.
  2433 | D:3      | Noticed Natasha
  2437 | D:3      | 2437 ||| INVOKING Spit Poison.
  2437 | D:3      | Killed Natasha
  2459 | D:3      | 2459 ||| READING 3 scrolls of enchant armour.
  2459 | D:3      | 2459 ||| ENCHANTING +0 cloak.
  2460 | D:3      | 2460 ||| READING 2 scrolls of enchant armour.
  2460 | D:3      | 2460 ||| ENCHANTING +1 cloak.
  2462 | D:3      | Found a runed translucent gate.
  2462 | D:3      | Found a runed translucent gate.
  2462 | D:3      | Found a runed translucent gate.
  2464 | D:3      | Noticed qw's ghost (amateur GrHu)
  2547 | D:3      | 2547 ||| UPGRADING to +0 ring mail of Gahum {rElec Str+3}.
  2557 | D:3      | 2557 ||| DROPPING +0 leather armour.
  2558 | D:3      | 2558 ||| UPGRADING to amulet of reflection.
  2563 | D:3      | 2563 ||| DRINKING 2 black potions.
  2564 | D:3      | 2564 ||| DRINKING 2 viscous emerald potions.
  2564 | D:3      | Gained mutation: You are agile. (Dex +4, Str/Int -1)
                  | [potion of mutation]
  2564 | D:3      | Gained mutation: Your body sometimes deteriorates upon
                  | taking damage. [potion of mutation]
  2565 | D:3      | 2565 ||| DRINKING 2 grey potions.
  2566 | D:3      | 2566 ||| READING 2 scrolls of identify.
  2566 | D:3      | 2566 ||| IDENTIFYING red potion
  2567 | D:3      | 2567 ||| DROPPING potion of attraction.
  2568 | D:3      | 2568 ||| DROPPING potion of degeneration.
  2630 | D:4      | 2630 ||| INVOKING Spit Poison.
  2728 | D:4      | Reached XP level 7. HP: 64/64 MP: 7/7
  2748 | D:4      | Found a large runed translucent door.
  2748 | D:4      | Found a large runed translucent door.
  2749 | D:4      | 2749 ||| INVOKING Spit Poison.
  2753 | D:4      | Noticed qw's ghost (amateur MiHu)
  2777 | D:4      | 2777 ||| INVOKING Spit Poison.
  2824 | D:4      | Reached skill level 1 in Armour
  2852 | D:4      | 2852 ||| INVOKING Spit Poison.
  2884 | D:4      | 2884 ||| INVOKING Spit Poison.
  2930 | D:4      | 2930 ||| INVOKING Spit Poison.
  2997 | D:4      | 2997 ||| INVOKING Spit Poison.
  3166 | D:4      | 3166 ||| READING scroll labelled YQEIGI HALIEL.
  3167 | D:4      | 3167 ||| DRINKING 4 orange potions.
  3168 | D:4      | 3168 ||| READING 2 scrolls of identify.
  3168 | D:4      | 3168 ||| IDENTIFYING blue potion
  3169 | D:4      | 3169 ||| DROPPING potion of magic.
  3194 | D:5      | Entered Level 5 of the Dungeon
  3195 | D:5      | 3195 ||| PLANNING SEWER
  3204 | D:5      | 3204 ||| INVOKING Spit Poison.
  3231 | D:5      | Found a staircase to the Ecumenical Temple.
  3283 | D:5      | Reached skill level 7 in Ranged Weapons
  3436 | D:5      | 3436 ||| INVOKING Spit Poison.
  3440 | D:5      | 3440 ||| INVOKING Spit Poison.
  3445 | D:5      | 3445 ||| INVOKING Spit Poison.
  3452 | D:5      | 3452 ||| INVOKING Spit Poison.
  3458 | D:5      | 3458 ||| INVOKING Spit Poison.
  3464 | D:5      | 3464 ||| INVOKING Spit Poison.
  3468 | D:5      | HP: 13/64 [orc/+0 hand axe (4)]
  3469 | D:5      | 3469 ||| READING scroll of teleportation.
  3470 | D:5      | 3470 ||| DRINKING potion of heal wounds.
  3471 | D:5      | 3471 ||| INVOKING Spit Poison.
  3590 | D:5      | 3590 ||| INVOKING Spit Poison.
  3593 | D:5      | 3593 ||| INVOKING Spit Poison.
  3619 | D:5      | Reached skill level 8 in Ranged Weapons
  3619 | D:5      | Reached XP level 8. HP: 70/72 MP: 8/8
  3646 | D:5      | 3646 ||| INVOKING Spit Poison.
  3696 | D:5      | Found a white marble altar of Elyvilon.
  3699 | D:5      | Noticed Menkaure
  3711 | D:5      | HP: 16/72 [Menkaure/nerve-wracking pain (14)]
  3712 | D:5      | Killed Menkaure
  3805 | D:5      | 3805 ||| RIP SEWER
  3890 | D:5      | 3890 ||| PLANNING TEMPLE
  3890 | D:5      | 3890 ||| READING scroll labelled BAETRIACZA.
  3910 | Temple   | Entered the Ecumenical Temple
  3965 | Temple   | 3965 ||| PLANNING D:1-11
  4070 | D:5      | Found an ancient bone altar of Kikubaaqudgha.
  4071 | D:5      | Found a blossoming altar of Fedhas.
  4088 | D:5      | 4088 ||| INVOKING Spit Poison.
  4256 | D:5      | 4256 ||| UPGRADING to +0 pair of gloves.
  4261 | D:5      | 4261 ||| READING scroll of enchant armour.
  4261 | D:5      | 4261 ||| ENCHANTING +0 pair of gloves.
  4262 | D:5      | 4262 ||| READING scroll labelled WEUMUSINWE.
  4263 | D:5      | 4263 ||| READING scroll labelled BORIH WIHA.
  4287 | D:6      | 4287 ||| INVOKING Spit Poison.
  4292 | D:6      | 4292 ||| INVOKING Spit Poison.
  4317 | D:6      | 4317 ||| INVOKING Spit Poison.
  4345 | D:6      | 4345 ||| INVOKING Spit Poison.
  4349 | D:6      | 4349 ||| INVOKING Spit Poison.
  4358 | D:6      | 4358 ||| INVOKING Spit Poison.
  4363 | D:6      | 4363 ||| INVOKING Spit Poison.
  4405 | D:6      | 4405 ||| INVOKING Spit Poison.
  4424 | D:6      | 4424 ||| INVOKING Spit Poison.
  4427 | D:6      | Reached skill level 9 in Ranged Weapons
  4435 | D:6      | 4435 ||| INVOKING Spit Poison.
  4555 | D:6      | 4555 ||| INVOKING Spit Poison.
  4560 | D:6      | Reached skill level 3 in Dodging
  4609 | D:6      | 4609 ||| INVOKING Spit Poison.
  4612 | D:6      | 4612 ||| Stepping ~*~*~tactically~*~*~ (outnumbered).
  4613 | D:6      | 4613 ||| INVOKING Spit Poison.
  4614 | D:6      | 4614 ||| Stepping ~*~*~tactically~*~*~ (outnumbered).
  4620 | D:6      | 4620 ||| INVOKING Spit Poison.
  4631 | D:6      | Found Kamank's Assorted Antiques.
  4643 | D:6      | 4643 ||| BUYING scroll labelled YRORAS VIKLEVO (26 gold).
  4643 | D:6      | Bought a scroll labelled YRORAS VIKLEVO for 26 gold pieces
  4643 | D:6      | 4643 ||| BUYING scroll of enchant weapon (195 gold).
  4643 | D:6      | Bought a scroll of enchant weapon for 195 gold pieces
  4643 | D:6      | 4643 ||| READING scroll of enchant weapon.
  4643 | D:6      | 4643 ||| ENCHANTING +1 shortbow.
  4772 | D:6      | 4772 ||| READING scroll labelled YRORAS VIKLEVO.
  4773 | D:6      | 4773 ||| READING 2 scrolls of identify.
  4773 | D:6      | 4773 ||| IDENTIFYING metallic brown potion
  4774 | D:6      | 4774 ||| DROPPING potion of lignification.
  4804 | D:7      | 4804 ||| INVOKING Spit Poison.
  4809 | D:7      | 4809 ||| STAIRDANCE
  4891 | D:7      | 4891 ||| INVOKING Spit Poison.
  4906 | D:7      | Reached XP level 9. HP: 82/82 MP: 9/9
  4917 | D:7      | Reached skill level 6 in Fighting
  4947 | D:7      | 4947 ||| INVOKING Spit Poison.
  4954 | D:7      | 4954 ||| INVOKING Spit Poison.
  4960 | D:7      | 4960 ||| INVOKING Spit Poison.
  5046 | D:7      | 5046 ||| INVOKING Spit Poison.
  5110 | D:7      | 5110 ||| INVOKING Spit Poison.
  5112 | D:7      | 5112 ||| Stepping ~*~*~tactically~*~*~ (outnumbered).
  5115 | D:7      | 5115 ||| INVOKING Spit Poison.
  5118 | D:7      | 5118 ||| INVOKING Spit Poison.
  5121 | D:7      | 5121 ||| INVOKING Spit Poison.
  5125 | D:7      | 5125 ||| INVOKING Spit Poison.
  5180 | D:7      | Noticed Duvessa
  5181 | D:7      | 5181 ||| INVOKING Spit Poison.
  5182 | D:7      | Noticed Dowan
  5185 | D:7      | 5185 ||| INVOKING Spit Poison.
  5187 | D:7      | Killed Duvessa
  5190 | D:7      | 5190 ||| INVOKING Spit Poison.
  5192 | D:7      | Killed Dowan
  5241 | D:7      | 5241 ||| INVOKING Spit Poison.
  5246 | D:7      | 5246 ||| INVOKING Spit Poison.
  5260 | D:7      | 5260 ||| INVOKING Spit Poison.
  5265 | D:7      | 5265 ||| INVOKING Spit Poison.
  5268 | D:7      | 5268 ||| INVOKING Spit Poison.
  5275 | D:7      | 5275 ||| INVOKING Spit Poison.
  5289 | D:7      | Found a flagged portal.
  5372 | D:7      | 5372 ||| INVOKING Spit Poison.
  5375 | D:7      | 5375 ||| INVOKING Spit Poison.
  5711 | D:7      | Found a glowing golden altar of the Shining One.
  5827 | D:7      | 5827 ||| INVOKING Spit Poison.
  5832 | D:7      | 5832 ||| INVOKING Spit Poison.
  5834 | D:7      | Reached skill level 10 in Ranged Weapons
  5836 | D:7      | 5836 ||| INVOKING Spit Poison.
  5858 | D:7      | 5858 ||| UPGRADING to +2 robe of willpower.
  5868 | D:7      | 5868 ||| UPGRADING to +1 helmet.
  5873 | D:7      | 5873 ||| READING 2 scrolls of identify.
  5873 | D:7      | 5873 ||| IDENTIFYING pink potion
  5874 | D:7      | 5874 ||| DROPPING potion of enlightenment.
  5987 | D:8      | 5987 ||| SWAPPING to +0 arbalest.
  5988 | D:8      | 5988 ||| DROPPING +2 shortbow.
  5991 | D:8      | 5991 ||| INVOKING Spit Poison.
  6015 | D:8      | Noticed Psyche
  6028 | D:8      | 6028 ||| INVOKING Spit Poison.
  6034 | D:8      | 6034 ||| INVOKING Spit Poison.
  6036 | D:8      | Killed Psyche
  6153 | D:8      | 6153 ||| INVOKING Spit Poison.
  6156 | D:8      | 6156 ||| INVOKING Spit Poison.
  6159 | D:8      | 6159 ||| INVOKING Spit Poison.
  6166 | D:8      | 6166 ||| INVOKING Spit Poison.
  6168 | D:8      | 6168 ||| Stepping ~*~*~tactically~*~*~ (outnumbered).
  6169 | D:8      | 6169 ||| INVOKING Spit Poison.
  6172 | D:8      | 6172 ||| INVOKING Spit Poison.
  6177 | D:8      | 6177 ||| INVOKING Spit Poison.
  6180 | D:8      | 6180 ||| INVOKING Spit Poison.
  6186 | D:8      | 6186 ||| INVOKING Spit Poison.
  6299 | D:8      | Noticed a green ugly thing
  6300 | D:8      | 6300 ||| INVOKING Spit Poison.
  6301 | D:8      | Noticed an unseen horror
  6303 | D:8      | 6303 ||| Stepping ~*~*~tactically~*~*~ (outnumbered).
  6305 | D:8      | 6305 ||| INVOKING Spit Poison.
  6311 | D:8      | 6311 ||| INVOKING Spit Poison.
  6315 | D:8      | 6315 ||| INVOKING Spit Poison.
  6319 | D:8      | 6319 ||| INVOKING Spit Poison.
  6320 | D:8      | Killed an unseen horror
  6321 | D:8      | Reached XP level 10. HP: 93/94 MP: 10/10
  6328 | D:8      | Killed a green ugly thing
  6329 | D:8      | Reached skill level 11 in Ranged Weapons
  6329 | D:8      | 6329 ||| INVOKING Spit Poison.
  6334 | D:8      | 6334 ||| INVOKING Spit Poison.
  6338 | D:8      | 6338 ||| INVOKING Spit Poison.
  6342 | D:8      | 6342 ||| INVOKING Spit Poison.
  6349 | D:8      | HP: 24/96 [poisoned by a killer bee]
  6350 | D:8      | 6350 ||| READING 3 scrolls of teleportation.
  6351 | D:8      | 6351 ||| INVOKING Spit Poison.
  6363 | D:8      | 6363 ||| READING 2 scrolls of teleportation.
  6365 | D:8      | 6365 ||| INVOKING Spit Poison.
  6617 | D:8      | 6617 ||| INVOKING Spit Poison.
  6649 | D:8      | 6649 ||| INVOKING Spit Poison.
  6652 | D:8      | 6652 ||| INVOKING Spit Poison.
  6686 | D:8      | 6686 ||| READING scroll of enchant weapon.
  6686 | D:8      | 6686 ||| ENCHANTING +0 arbalest.
  6704 | D:8      | 6704 ||| INVOKING Spit Poison.
  6710 | D:8      | 6710 ||| Stepping ~*~*~tactically~*~*~ (outnumbered).
  6713 | D:8      | 6713 ||| Stepping ~*~*~tactically~*~*~ (outnumbered).
  6714 | D:8      | 6714 ||| Stepping ~*~*~tactically~*~*~ (outnumbered).
  6718 | D:8      | 6718 ||| INVOKING Spit Poison.
  6723 | D:8      | 6723 ||| INVOKING Spit Poison.
  6727 | D:8      | 6727 ||| INVOKING Spit Poison.
  6872 | D:8      | 6872 ||| INVOKING Spit Poison.
  7070 | D:8      | 7070 ||| UPGRADING to +2 robe of resistance.
  7096 | D:9      | 7096 ||| INVOKING Spit Poison.
  7096 | D:9      | Noticed Grum
  7100 | D:9      | 7100 ||| INVOKING Spit Poison.
  7105 | D:9      | 7105 ||| INVOKING Spit Poison.
  7107 | D:9      | 7107 ||| Stepping ~*~*~tactically~*~*~ (outnumbered).
  7108 | D:9      | 7108 ||| STAIRDANCE
  7194 | D:9      | 7194 ||| INVOKING Spit Poison.
  7196 | D:9      | Killed Grum
  7197 | D:9      | 7197 ||| INVOKING Spit Poison.
  7200 | D:9      | 7200 ||| INVOKING Spit Poison.
  7209 | D:9      | 7209 ||| READING scroll of enchant weapon.
  7209 | D:9      | 7209 ||| ENCHANTING +1 arbalest.
  7216 | D:9      | Noticed a two-headed ogre
  7219 | D:9      | 7219 ||| INVOKING Spit Poison.
  7224 | D:9      | Killed a two-headed ogre
  7433 | D:9      | Reached skill level 12 in Ranged Weapons
  7481 | D:9      | 7481 ||| INVOKING Spit Poison.
  7485 | D:9      | 7485 ||| INVOKING Spit Poison.
  7490 | D:9      | 7490 ||| INVOKING Spit Poison.
  7499 | D:9      | 7499 ||| INVOKING Spit Poison.
  7503 | D:9      | 7503 ||| INVOKING Spit Poison.
  7532 | D:9      | 7532 ||| INVOKING Spit Poison.
  7536 | D:9      | 7536 ||| INVOKING Spit Poison.
  7546 | D:9      | 7546 ||| INVOKING Spit Poison.
  7551 | D:9      | 7551 ||| INVOKING Spit Poison.
  7872 | D:9      | 7872 ||| READING 3 scrolls of identify.
  7872 | D:9      | 7872 ||| IDENTIFYING fizzy blue potion
  7873 | D:9      | 7873 ||| DROPPING potion of ambrosia.
  7876 | D:10     | Entered Level 10 of the Dungeon
  7887 | D:10     | 7887 ||| INVOKING Spit Poison.
  7893 | D:10     | 7893 ||| INVOKING Spit Poison.
  7895 | D:10     | Reached XP level 11. HP: 91/103 MP: 11/11
  7899 | D:10     | 7899 ||| INVOKING Spit Poison.
  7903 | D:10     | 7903 ||| INVOKING Spit Poison.
  7908 | D:10     | 7908 ||| INVOKING Spit Poison.
  7912 | D:10     | 7912 ||| INVOKING Spit Poison.
  7917 | D:10     | 7917 ||| INVOKING Spit Poison.
  8063 | D:10     | Found a staircase to the Lair.
  8106 | D:10     | 8106 ||| INVOKING Spit Poison.
  8111 | D:10     | 8111 ||| INVOKING Spit Poison.
  8115 | D:10     | 8115 ||| INVOKING Spit Poison.
  8118 | D:10     | 8118 ||| INVOKING Spit Poison.
  8123 | D:10     | 8123 ||| INVOKING Spit Poison.
  8126 | D:10     | Reached skill level 13 in Ranged Weapons
  8127 | D:10     | 8127 ||| INVOKING Spit Poison.
  8306 | D:10     | 8306 ||| INVOKING Spit Poison.
  8309 | D:10     | 8309 ||| INVOKING Spit Poison.
  8315 | D:10     | You fall into a shaft and drop 2 floors!
  8321 | D:12     | 8321 ||| INVOKING Spit Poison.
  8383 | D:12     | Noticed a manticore
  8385 | D:12     | Killed a manticore
  8390 | D:12     | Found a staircase to the Orcish Mines.
  8393 | D:12     | 8393 ||| DROPPING +2 robe of willpower.
  8394 | D:12     | 8394 ||| DROPPING +0 ring mail of Gahum {rElec Str+3}.
  8534 | D:10     | Found a sacrificial altar of Ru.
  8534 | D:10     | Found a bloodstained altar of Trog.
  8534 | D:10     | Found a broken altar of Ashenzari.
  8534 | D:10     | Found an iron altar of Okawaru.
  8535 | D:10     | 8535 ||| PLANNING OKAWARU WORSHIP
  8543 | D:10     | Became a worshipper of Warmaster Okawaru
  8543 | D:10     | 8543 ||| PLANNING D:1-11
  8544 | D:10     | 8544 ||| Stepping randomly (stuck).
  8545 | D:10     | 8545 ||| Stepping randomly (stuck).
  8546 | D:10     | 8546 ||| Stepping randomly (stuck).
  8547 | D:10     | 8547 ||| Stepping randomly (stuck).
  8548 | D:10     | 8548 ||| Stepping randomly (stuck).
  8549 | D:10     | 8549 ||| Stepping randomly (stuck).
  8550 | D:10     | 8550 ||| Stepping randomly (stuck).
  8551 | D:10     | 8551 ||| Stepping randomly (stuck).
  8552 | D:10     | 8552 ||| Stepping randomly (stuck).
  8553 | D:10     | 8553 ||| Stepping randomly (stuck).
  8554 | D:10     | 8554 ||| Stepping randomly (stuck).
  8555 | D:10     | 8555 ||| Stepping randomly (stuck).
  8556 | D:10     | 8556 ||| Stepping randomly (stuck).
  8557 | D:10     | 8557 ||| Stepping randomly (stuck).
  8558 | D:10     | 8558 ||| Stepping randomly (stuck).
  8559 | D:10     | 8559 ||| Stepping randomly (stuck).
  8560 | D:10     | 8560 ||| Stepping randomly (stuck).
  8561 | D:10     | 8561 ||| Stepping randomly (stuck).
  8562 | D:10     | 8562 ||| Stepping randomly (stuck).
  8563 | D:10     | 8563 ||| Stepping randomly (stuck).
  8564 | D:10     | 8564 ||| Stepping randomly (stuck).
  8565 | D:10     | 8565 ||| Stepping randomly (stuck).
  8566 | D:10     | 8566 ||| Stepping randomly (stuck).
  8567 | D:10     | 8567 ||| Stepping randomly (stuck).
  8568 | D:10     | 8568 ||| Stepping randomly (stuck).
  8569 | D:10     | 8569 ||| Stepping randomly (stuck).
  8570 | D:10     | 8570 ||| Stepping randomly (stuck).
  8571 | D:10     | 8571 ||| Stepping randomly (stuck).
  8572 | D:10     | 8572 ||| Stepping randomly (stuck).
  8573 | D:10     | 8573 ||| Stepping randomly (stuck).
  8574 | D:10     | 8574 ||| Stepping randomly (stuck).
  8575 | D:10     | 8575 ||| Stepping randomly (stuck).
  8576 | D:10     | 8576 ||| Stepping randomly (stuck).
  8577 | D:10     | 8577 ||| Stepping randomly (stuck).
  8578 | D:10     | 8578 ||| Stepping randomly (stuck).
  8579 | D:10     | 8579 ||| Stepping randomly (stuck).
  8580 | D:10     | 8580 ||| Stepping randomly (stuck).
  8581 | D:10     | 8581 ||| Stepping randomly (stuck).
  8582 | D:10     | 8582 ||| Stepping randomly (stuck).
  8583 | D:10     | 8583 ||| Stepping randomly (stuck).
  8584 | D:10     | 8584 ||| Stepping randomly (stuck).
  8585 | D:10     | 8585 ||| Stepping randomly (stuck).
  8586 | D:10     | 8586 ||| Stepping randomly (stuck).
  8587 | D:10     | 8587 ||| Stepping randomly (stuck).
  8588 | D:10     | 8588 ||| Stepping randomly (stuck).
  8589 | D:10     | 8589 ||| Stepping randomly (stuck).
  8590 | D:10     | 8590 ||| Stepping randomly (stuck).
  8591 | D:10     | 8591 ||| Stepping randomly (stuck).
  8592 | D:10     | 8592 ||| Stepping randomly (stuck).
  8593 | D:10     | 8593 ||| Stepping randomly (stuck).
  8594 | D:10     | 8594 ||| Stepping randomly (stuck).
  8595 | D:10     | 8595 ||| READING scroll of teleportation.
  8689 | D:10     | 8689 ||| INVOKING Spit Poison.
  8693 | D:10     | 8693 ||| INVOKING Spit Poison.
  8696 | D:10     | Reached skill level 9 in Fighting
  8697 | D:10     | 8697 ||| INVOKING Spit Poison.
  8702 | D:10     | 8702 ||| INVOKING Spit Poison.
  8702 | D:10     | Noticed a two-headed ogre
  8705 | D:10     | 8705 ||| INVOKING Spit Poison.
  8707 | D:10     | HP: 26/106 [yak (7)]
  8709 | D:10     | 8709 ||| INVOKING Spit Poison.
  8709 | D:10     | HP: 12/106 [yak (12)]
  8709 | D:10     | Slain by a wyvern

Levels and vault maps discovered:
D:1:      matt_arrival_diagonals, layout_basic
D:2:      layout_basic, serial_glass, glass_columns_a, glass_columns_b,
          minivault_25, hangedman_decor_growths, grunt_ministairs_9,
          uniq_sigmund, uniq_crazy_yiuf_cottage
D:3:      layout_rooms, ebering_ghost_rock_garden,
          dreamdust_ecumenical_altar_angels_and_demons, grunt_decor_arrowhead,
          minmay_pentangle, uniq_natasha
D:4:      layout_basic, ebering_ghost_disaster_area
D:5:      layout_rooms, grunt_temple_overflow_growth_and_decay,
          nicolae_elyvilon_peaceful_grove, minmay_temple_entry_sparse_star,
          portal_sewer_entry_e, st_stairs_7, uniq_menkaure
D:6:      layout_cave_pools, serial_shops, shop
D:7:      layout_basic, tso_oasis_becter, enter_bailey_6, uniq_duvessa
D:8:      minmay_bloctagon, layout_basic, uniq_psyche
D:9:      layout_rooms, minmay_fountain_box, minmay_fire_ice_demons, uniq_grum
D:10:     layout_irregular_city, nicolae_overflow_hidden_temple,
          erik_lair_orcish_takeover
D:11:     layout_grid_maze, serial_shops, nicolae_shop_advertising_works
          [nicolae_subvault_shop_adworks], uniq_lodul
D:12:     minmay_the_grid_net [minmay_the_grid_paths, minmay_the_grid_tri_star,
          minmay_the_grid_empty, minmay_the_grid_doors,
          minmay_the_grid_embedded, minmay_the_grid_prize_shrinking_boxes],
          layout_gridville, orc_0_dummy
Temple:   zaba_magenta_temple

Skill      XL: |  1  2  3  4  5  6  7  8  9 10 11 |
---------------+----------------------------------+-----
Ranged Weapons | 4 6 8 9 10 12 13 | 13.0
Fighting       | 4 5 7 8 9 |  9.0
Armour         | 1 2 |  2.0
Dodging        | 2 3 4 5 |  5.3
Stealth        | |  1.5

Action                     |  1- 3 |  4- 6 |  7- 9 | 10-12 || total
---------------------------+-------+-------+-------+-------++-------
   Fire: Shortbow          |    74 |   118 |   263 |       ||   455
         Arbalest          |       |       |    47 |   213 ||   260
Ability: Spit Poison       |    25 |    39 |    74 |    52 ||   190
    Use: Scroll            |     2 |     9 |    11 |     6 ||    28
         Potion            |     2 |     3 |     2 |       ||     7
 Armour: Leather armour    |     3 |    13 |       |       ||    16
         Ring mail         |       |     2 |    55 |       ||    57
         Robe              |       |       |    23 |    78 ||   101
  Dodge: Dodged            |    16 |    34 |   109 |   115 ||   274
  Block: Other             |       |     2 |    52 |    52 ||   106
         Reflection        |       |       |     3 |     5 ||     8

Table legend:
 A = Non-vault XP
 B = Vault XP
 C = Vault XP percentage of total XP
 D = Non-vault monster count
 E = Vault monster count
 F = Vault count percentage of total count
                 A         B        C        D         E       F
            +---------+---------+-------+---------+---------+-------
      Total |    8588 |    4357 |  33.7 |     204 |      45 |  18.1
            +---------+---------+-------+---------+---------+-------
        D:1 |      39 |       0 |   0.0 |      23 |       0 |   0.0
        D:2 |      85 |     240 |  73.8 |      23 |       3 |  11.5
        D:3 |     160 |      50 |  23.8 |      24 |       7 |  22.6
        D:4 |      76 |       0 |   0.0 |      14 |       0 |   0.0
        D:5 |     558 |     293 |  34.4 |      16 |       2 |  11.1
        D:6 |     782 |       0 |   0.0 |      21 |       0 |   0.0
        D:7 |    1005 |     198 |  16.5 |      29 |       2 |   6.5
        D:8 |     627 |    2504 |  80.0 |      15 |      17 |  53.1
        D:9 |    2140 |     413 |  16.2 |      25 |       4 |  13.8
       D:10 |    2114 |     659 |  23.8 |      11 |      10 |  47.6
       D:11 |     194 |       0 |   0.0 |       1 |       0 |   0.0
       D:12 |     808 |       0 |   0.0 |       2 |       0 |   0.0
            +---------+---------+-------+---------+---------+-------
